 Dungeon Crawl Stone Soup version 0.29.0-3-gbb0933ed62 (webtiles) character file.

Game seed: 17550647285001593163

107 slphil the Slasher (level 4, -7/35 HPs)
             Began as a Merfolk Gladiator on Aug 26, 2022.
             Mangled by Menkaure (10 damage)
             ... on level 4 of the Dungeon.
             The game lasted 00:04:49 (3665 turns).

slphil the Slasher (Merfolk Gladiator)              Turns: 3665, Time: 00:04:49

Health: -7/35      AC:  5    Str: 14    XL:     4   Next: 85%
Magic:  4/4        EV: 13    Int:  7    God:
Gold:   118        SH:  4    Dex: 17    Spells: 3/3 levels left

rFire   + . .      SeeInvis .   a - +0 long sword
rCold   + + .      Faith    .   o - +0 buckler
rNeg    . . .      Spirit   .   b - +0 leather armour
rPois   +          Reflect  .   c - +0 helmet
rElec   +          Harm     .   (no cloak)
rCorr   +          Rampage  .   (no gloves)
Will    .....                   u - +0 pair of boots
Stlth   +.........              (no amulet)
HPRegen 0.11/turn               s - ring of protection from cold
MPRegen 0.09/turn               (no ring)

@: resistant
A: (nimble swimmer 2), mertail
a: no special abilities


You were on level 4 of the Dungeon.
You visited 1 branch of the dungeon, and saw 4 of its levels.

You collected 118 gold pieces.

Inventory:

Hand Weapons
 a - a +0 long sword (weapon)
 t - a +1 short sword of flaming
Missiles
 d - 3 throwing nets (quivered)
 e - 6 javelins
Armour
 b - a +0 leather armour (worn)
 c - a +0 helmet (worn)
 o - a +0 buckler (worn)
 u - a +0 pair of boots (worn)
Jewellery
 g - a ring of fire
 m - a ring of ice
 s - a ring of protection from cold (left hand)
Wands
 k - a wand of iceblast (6)
 n - a wand of mindburst (10)
Scrolls
 f - 2 scrolls of brand weapon {unknown}
 h - 2 scrolls of magic mapping {unknown}
 i - 6 scrolls of identify {unknown}
 j - 2 scrolls of immolation {unknown}
 p - a scroll of poison {unknown}
Potions
 l - a potion of magic {unknown}
 q - a potion of resistance
 r - a potion of haste {unknown}


   Skills:
 + Level 3.4 Fighting
 * Level 5.8 Long Blades
 - Level 2.0 Throwing
 - Level 4.0 Dodging


You had 3 spell levels left.
You didn't know any spells.
Your spell library was empty.

Dungeon Overview and Level Annotations

Branches:
Dungeon (4/15)
 Temple: D:4-7

Altars:
Dithmenos
Fedhas
Zin

Shops:
D:1 ?*![*

Annotations:
D:4 Menkaure


Innate Abilities, Weirdness & Mutations

((You are very nimble when in or above water. (Stealth+, EV+, Speed+++)))
Your lower body shifts to a powerful aquatic tail in water.


Message History

The endoplasm barely misses you.
The endoplasm hits you but does no damage.
You hit the endoplasm.
You kill the endoplasm!
An orc comes into view. It is wielding a +0 flail.
Found an escape hatch in the floor.
Menkaure calls on the powers of darkness!
Your body is wracked with pain!
Menkaure calls on the powers of darkness!
The orc convulses!
Your body is wracked with pain!
* * * LOW HITPOINT WARNING * * *
You start resting.
Menkaure is nearby!
Menkaure gestures wildly while chanting.
Menkaure seems to speed up.
Okay, then.
It was a potion of resistance.
You feel protected.
Menkaure whispers in an indecipherable tongue.
You barely miss Menkaure. You block Menkaure's attack. x2
You hit Menkaure.
Menkaure is lightly damaged.
Menkaure hits you.
You barely miss Menkaure.
Menkaure is lightly damaged.
Menkaure hums in an indecipherable tongue.
Menkaure completely misses you. Menkaure hits you!!
Ouch! That really hurt!
* * * LOW HITPOINT WARNING * * *
You hit Menkaure but do no damage.
Menkaure is lightly damaged.
Menkaure mumbles in an indecipherable tongue.
Menkaure misses you.
You hit Menkaure.
Menkaure is lightly damaged.
You block Menkaure's attack.
You hit Menkaure.
Menkaure is lightly damaged.
Menkaure misses you. Menkaure hits you!
You die...

....#
#.###........#.#
....# #.#
#.###......# ....#
#.# #.# #.######
....####.###.# #.#
#.##.........# #.#
#.##.........# #.#
#.##.........# #.#
#.##.........# #M#
#.######.###.# #@#
..# #.# #.# #.#
### #.. <.# #.#
################.#
...............#.#
########.......#.#
# #.####..#.# #
#.# #..#.# #
#.#######.#


You could see Menkaure (fast).

Vanquished Creatures
  3 adders
  A worm (D:2)
  A dart slug (D:4)
  7 endoplasms
  15 giant cockroaches
  3 goblins
  5 hobgoblins
  6 quokkas
  7 ball pythons
  9 bats
  5 frilled lizards
  2 kobolds
  3 rats
67 creatures vanquished.

Vanquished Creatures (others)
  2 demonic plants (D:3)
  8 fungi (D:3)
  17 plants
27 creatures vanquished.

Grand Total: 94 creatures vanquished

Notes
Turn   | Place    | Note
-------+----------+-------------------------------------------
     0 | D:1      | slphil the Merfolk Gladiator began the quest for the Orb.
     0 | D:1      | Reached XP level 1. HP: 16/16 MP: 1/1
   201 | D:1      | Reached skill level 4 in Long Blades
   399 | D:1      | Found Voilonyss's Assorted Antiques.
   417 | D:1      | Reached XP level 2. HP: 23/23 MP: 2/2
   497 | D:1      | Found Gearrush's Distillery.
   527 | D:1      | Found Ibitozud's Magic Scroll Shop.
   635 | D:1      | Found Sare Yrauty's General Store.
   722 | D:1      | Found Qarghox's Armour Boutique.
  1379 | D:2      | Reached XP level 3. HP: 28/28 MP: 3/3
  1441 | D:2      | Found a blossoming altar of Fedhas.
  1819 | D:2      | Reached skill level 5 in Long Blades
  2038 | D:2      | Reached XP level 4. HP: 35/35 MP: 4/4
  2540 | D:3      | Found a faded altar of an unknown god.
  3328 | D:4      | Found a glowing silver altar of Zin.
  3467 | D:4      | Found a shadowy altar of Dithmenos.
  3467 | D:4      | Noticed Menkaure
  3665 | D:4      | Mangled by Menkaure

Illustrated notes

Levels and vault maps discovered:
D:1:      lemuel_arrival_tunnels, layout_basic, serial_shops, shop_fountains,
          nicolae_shop_hallway_stairs, nicolae_shop_hallway_stairs,
          nicolae_shop_stone, nicolae_shop_temple_entry_statues_fountains
D:2:      wad_woods_stonehenge, layout_basic
D:3:      minmay_roachtagon, layout_loops_ring, shapermc_ecumenical_altar_gd,
          minmay_misc_feat_doors, grunt_ministairs_14
D:4:      layout_basic, mainiacjoe_overflow_alcove_1, overflow_temple_1_default,
          uniq_menkaure

Skill      XL: |  1  2  3 |
---------------+----------+-----
Long Blades    | 4 5 |  5.8
Fighting       | 3 |  3.4
Throwing       | |  2.0
Dodging        | |  4.0

Action                   |  1- 3 |  4- 6 || total
-------------------------+-------+-------++-------
Melee: Long sword        |    91 |    85 ||   176
       Punch             |     1 |       ||     1
  Use: Potion            |       |     1 ||     1
 Stab: Sleeping          |     2 |       ||     2
Armor: Leather armour    |    22 |    27 ||    49
Dodge: Dodged            |    53 |    70 ||   123
Block: Buckler           |       |    14 ||    14
